 Dungeon Crawl Stone Soup version 0.24.0 (webtiles) character file.

Game seed: 3887385958509515290, levelgen mode: deterministic

1654 Iskender the Firebug (level 9, -7/50 HPs)
             Began as an Octopode Chaos Knight on Oct 25, 2019.
             Was a Plaything of Xom.
             Mangled by a two-headed ogre
             ... wielding a +0 giant club
              (16 damage)
             ... on level 5 of the Dungeon.
             The game lasted 00:41:19 (5779 turns).

Iskender the Firebug (Octopode Chaos Knight)        Turns: 5779, Time: 00:41:21

Health: -7/50      AC:  8    Str: 13    XL:     9   Next: 0%
Magic:  9/15       EV: 16    Int: 15    God:    Xom [....*.]
Gold:   436        SH:  0    Dex: 16    Spells: 11/16 levels left

rFire    . . .     SeeInvis .   a - +0 quarterstaff (speed)
rCold    + . .     Gourm    .   (shield currently unavailable)
rNeg     . . .     Faith    .   (helmet restricted)
rPois    .         Spirit   .   s - amulet of magic regeneration
rElec    .         Reflect  .   x - +5 ring of protection
rCorr    .         Harm     .   (no ring)
MR       +....                  (no ring)
Stlth    ++++......             (no ring)
HPRegen  0.16/turn              (no ring)
MPRegen  0.39/turn              (no ring)
                                (no ring)
                                (no ring)

@: no status effects
A: almost no armour, stealthy swim, amphibious, 8 rings, constrict 8, molten
scales 1, camouflage 1, agile 1, cold resistance 1, frail 1, magic resistance 1,
strong 1, gelatinous body 1
a: Renounce Religion


You were on level 5 of the Dungeon.
You worshipped Xom.
You were a beloved toy of Xom.
You were not hungry.

You visited 2 branches of the dungeon, and saw 6 of its levels.
You also visited: Ossuary.

You collected 436 gold pieces.

Inventory:

Hand Weapons
 a - a +0 quarterstaff of speed (weapon)
 b - a +0 hunting sling
 f - a +0 trident
 w - a +0 spear of chaos
 B - a +4 quarterstaff of chaos
Missiles
 g - 6 javelins
 h - 6 curare-tipped darts
 j - 52 bolts
 o - 125 stones
 p - 36 sling bullets
 y - 3 poisoned darts (quivered)
Jewellery
 s - an amulet of magic regeneration (around mantle)
 x - a +5 ring of protection (left tentacle)
Wands
 r - a wand of random effects (15)
Scrolls
 c - 2 scrolls of remove curse
 d - 3 scrolls of enchant armour
 i - 4 scrolls of enchant weapon
 k - a scroll of magic mapping
 l - a scroll of identify
 q - 4 scrolls of teleportation
 A - a scroll of noise {unknown}
 E - a scroll of summoning {unknown}
 F - a scroll of amnesia {unknown}
Potions
 e - a potion of heal wounds {unknown}
 m - 2 potions of berserk rage
 t - a potion of resistance
 u - a potion of cancellation
 v - a potion of ambrosia
 z - 2 potions of mutation
 C - a potion of haste
 D - 2 potions of curing
 G - 2 potions of flight
 H - a potion of magic
 I - a potion of lignification {unknown}
Comestibles
 n - 6 rations
 J - a chunk of flesh


   Skills:
 - Level 3.0 Fighting
 - Level 3.0 Polearms
 - Level 5.2 Dodging
 - Level 4.7 Stealth
 - Level 4.1 Spellcasting
 + Level 5.5 Conjurations
 + Level 5.5 Fire Magic


You had 11 spell levels left.
You knew the following spells:

 Your Spells              Type           Power        Failure   Level  Hunger
a - Throw Flame           Conj/Fire      ###...       2%          2    ##.....
d - Conjure Flame         Conj/Fire      ###.....     5%          3    ###....

Your spell library contained the following spells:

 Spells                   Type           Power        Failure   Level  Hunger
 Flame Tongue             Conj/Fire      ###..        1%          1    None
 Inner Flame              Hex/Fire       ##......     17%         3    ###....
 Sticky Flame             Conj/Fire      ###.....     19%         4    ####...
 Fireball                 Conj/Fire      ###.......   45%         5    ######.


Dungeon Overview and Level Annotations

Branches:
Dungeon (5/15)             Temple (1/1) D:4         Ossuary (visited)

Altars:
Ashenzari
Cheibriados
Dithmenos
Elyvilon
Fedhas
Gozag
Hepliaklqana
Kikubaaqudgha
Makhleb
Nemelex Xobeh
Okawaru
Qazlal
Sif Muna
Trog
Uskayaw
Vehumet
Wu Jian
Xom
Yredelemnul
Zin
The Shining One

Shops:
D:5 *

Annotations:
D:3 Sigmund


Innate Abilities, Weirdness & Mutations

You cannot wear most types of armour.
You are very stealthy in the water. (Stealth+)
You are amphibious.
You can wear up to eight rings at the same time.
You can use your tentacles to constrict eight enemies at once.
Your skin changes colour to match your surroundings (Stealth+).
Your rubbery body absorbs attacks. (AC +1, EV +1)
You are partially covered in molten scales. (AC +2)
You are agile. (Dex +2)
Your flesh is cold resistant. (rC+)
You are frail. (-10% HP)
You are resistant to hostile enchantments. (MR+)
Your muscles are strong. (Str +2)


Message History

The two-headed ogre is lightly wounded.
Your tentacles tingle!
a - a +0 quarterstaff of speed (weapon)
The two-headed ogre is engulfed in blazing flames.
The two-headed ogre completely misses you.
The two-headed ogre hits you with a +0 giant club!
* * * LOW HITPOINT WARNING * * *
The two-headed ogre is engulfed in blazing flames.
You hit the two-headed ogre but do no damage.
The two-headed ogre is severely wounded.
You have 4 tentacles available for constriction.
Your movement speed is average.
Your attack speed is above average.
Your base attributes are Str 11, Int 15, Dex 14.
Okay, then.
Unknown command.
You closely miss the two-headed ogre. You squeeze the two-headed ogre.
The two-headed ogre is almost dead.
The two-headed ogre hits you with a +0 giant club!
You die...
Xom howls with laughter!

*,#....###.####.#.#.####
*,#..#.# #.##<#.#.#.#
**,#.,#)# #.##.#.#.#.#
,*,#,,#)###.##.#.#.#.#
########..#.##.#.#.#.#
.#.#...'..#.##.#.#.#.#
'#'#'####.#.##.#.#.#.#
.'...'.##......#.#.#.#
##...######.####@#...#
.'...'.#......§O.#####
'#'#'#'####(######
.#.#.#.# #†# ########
#.# **,**,* #.# **,**,**
#O# **,**,,* #.#
**,,,,,** #.#


You could see a two-headed ogre.

Vanquished Creatures
  Menkaure (D:4)
  Duvessa (D:4)
  2 ogres (D:4)
  A sky beast (D:5)
  2 elf zombies (D:5)
  2 elf skeletons (D:5)
  Dowan (D:4)
  A quasit (D:3)
  3 hounds
  A jelly (D:5)
  2 orc priests (D:4)
  Crazy Yiuf (D:2)
  2 iguanas
  Jessica (D:2)
  2 human skeletons (D:5)
  Natasha (thrice) (D:2)
  2 orc wizards (D:4)
  2 worker ants (D:5)
  8 mummies (Ossuary)
  Robin (D:4)
  4 gnolls (D:5)
  7 adders
  An ooze (D:4)
  An adder zombie (D:5)
  2 worms
  3 dart slugs
  A leopard gecko (D:2)
  12 orcs
  2 giant cockroaches
  11 hobgoblins
  10 jackals
  2 quokkas (D:3)
  9 bats
  6 frilled lizards
  3 gnoll zombies (Ossuary)
  15 goblins
  2 hobgoblin zombies (Ossuary)
  5 kobolds
  3 orc zombies (Ossuary)
  A quokka zombie (D:5)
  3 rats
  A fungus (D:2)
143 creatures vanquished.

Vanquished Creatures (collateral kills)
  A worm (D:3)
1 creature vanquished.

Vanquished Creatures (others)
  An ooze (D:3)
1 creature vanquished.

Grand Total: 145 creatures vanquished

Notes
Turn   | Place    | Note
-------+----------+-------------------------------------------
     0 | D:1      | Iskender the Octopode Chaos Knight began the quest for the
                  | Orb.
     0 | D:1      | Reached XP level 1. HP: 16/16 MP: 1/1
    35 | D:1      | Reached skill level 1 in Stealth
   147 | D:1      | Reached XP level 2. HP: 20/21 MP: 2/2
   555 | D:1      | Reached XP level 3. HP: 25/26 MP: 3/3
   674 | D:1      | XOM: harmless Tloc miscast
   721 | D:1      | XOM: harmless Conj miscast
   926 | D:2      | Noticed Jessica
  1133 | D:2      | XOM: harmless Pois miscast
  1149 | D:2      | Noticed Natasha
  1229 | D:2      | Reached XP level 4. HP: 27/31 MP: 4/4
  1429 | D:2      | Found a runed translucent door.
  1611 | D:2      | XOM: harmless Chrm miscast
  1969 | D:2      | XOM: harmless Necr miscast
  1981 | D:2      | XOM is BORED!
  1981 | D:2      | XOM: mild Necr miscast
  2057 | D:3      | Found a faded altar of an unknown god.
  2257 | D:3      | Noticed Sigmund
  2335 | D:3      | Reached XP level 5. HP: 32/36 MP: 5/5
  2711 | D:3      | XOM: polymorph rat -> quokka
  2742 | D:3      | XOM: enchant monster (bad)
  2850 | D:3      | XOM: enchant monster (good)
  2935 | D:3      | Found a sparkling altar of Nemelex Xobeh.
  3035 | D:4      | Reached skill level 5 in Dodging
  3035 | D:4      | Reached XP level 6. HP: 42/42 MP: 6/6
  3075 | D:4      | Learned a level 2 spell: Throw Flame
  3079 | D:4      | Learned a level 3 spell: Conjure Flame
  3109 | D:4      | Noticed Duvessa
  3109 | D:4      | Noticed Dowan
  3181 | D:4      | Reached skill level 1 in Spellcasting
  3181 | D:4      | Reached skill level 1 in Conjurations
  3181 | D:4      | Reached skill level 1 in Fire Magic
  3215 | D:4      | Noticed Menkaure
  3370 | D:4      | Found a staircase to the Ecumenical Temple.
  3434 | Temple   | Entered the Ecumenical Temple
  3436 | Temple   | XOM is BORED!
  3436 | Temple   | XOM: 2-stop teleportation journey
  3542 | Temple   | XOM: give mutations
  3542 | Temple   | Gained mutation: You are frail. (-10% HP) [Xom's mischief]
  3542 | Temple   | Gained mutation: Scrolls take you a little longer to read.
                  | [Xom's mischief]
  3542 | Temple   | Gained mutation: You are dopey. (Int -2) [Xom's mischief]
  3761 | Temple   | Lost mutation: You are dopey. (Int -2) [potion of mutation]
  3761 | Temple   | Lost mutation: Scrolls take you a little longer to read.
                  | [potion of mutation]
  3761 | Temple   | Gained mutation: Your muscles are strong. (Str +2) [potion
                  | of mutation]
  3761 | Temple   | Gained mutation: You are partially covered in molten
                  | scales. (AC +2) [potion of mutation]
  3767 | Temple   | XOM: 6-stop teleportation journey
  3834 | D:4      | XOM: divination: detect items
  3847 | D:4      | Reached XP level 7. HP: 39/41 MP: 9/9
  4017 | D:4      | XOM: mild Air miscast
  4214 | D:2      | Killed Natasha
  4267 | D:2      | Noticed Crazy Yiuf
  4276 | D:2      | Killed Crazy Yiuf
  4349 | D:2      | Killed Jessica
  4349 | D:2      | Noticed Natasha
  4358 | D:2      | Killed Natasha
  4523 | D:2      | XOM is BORED!
  4523 | D:2      | XOM: mild Chrm miscast
  4541 | D:2      | Noticed Natasha
  4552 | D:2      | Killed Natasha
  4576 | D:3      | XOM: give mutations
  4576 | D:3      | Gained mutation: Your flesh is cold resistant. (rC+) [Xom's
                  | grace]
  4576 | D:3      | Gained mutation: You are agile. (Dex +2) [Xom's grace]
  4576 | D:3      | Gained mutation: You are resistant to hostile enchantments.
                  | (MR+) [Xom's grace]
  4647 | D:4      | Killed Dowan
  4649 | D:4      | XOM: smoke on damage
  4650 | D:4      | XOM: divination: detect items
  4656 | D:4      | XOM: cast spell 'Ring of Flames'
  4660 | D:4      | XOM: scenery: create altars
  4664 | D:4      | XOM: destruction
  4667 | D:4      | XOM: summons 2 friendly demons
  4667 | D:4      | Killed Duvessa
  4667 | D:4      | Reached XP level 8. HP: 17/46 MP: 5/11
  4688 | D:4      | Noticed Robin
  4694 | D:4      | Killed Robin
  4722 | D:4      | XOM: mild Tloc miscast
  4823 | D:3      | XOM: summons friendly white imp
  4848 | D:4      | Killed Menkaure
  4994 | D:5      | Entered Level 5 of the Dungeon
  5035 | D:5      | Found an opulent altar of Gozag.
  5061 | D:5      | Found Gozag's Platinum Reserve.
  5166 | D:5      | Found a sand-covered staircase.
  5172 | D:5      | Reached skill level 5 in Conjurations
  5172 | D:5      | Reached skill level 5 in Fire Magic
  5263 | Ossuary  | Entered an ossuary
  5438 | Ossuary  | XOM: silly message
  5534 | Ossuary  | XOM: 7-stop teleportation journey
  5762 | D:5      | Noticed a two-headed ogre
  5765 | D:5      | Reached XP level 9. HP: 21/50 MP: 6/15
  5779 | D:5      | Mangled by a two-headed ogre

Levels and vault maps discovered:
D:1:      wander_arrival_chamber, layout_loops_corners, minmay_misc_feat_alley
D:2:      layout_loops_corners, minmay_goblin_outpost, uniq_crazy_yiuf_cottage,
          uniq_jessica, uniq_natasha
D:3:      layout_rooms, chequers_ecumenical_altar_simple,
          nemelex_spade_bored_becter, uniq_sigmund
D:4:      layout_cave_pools, minmay_temple_entry_drinking_statues, uniq_duvessa,
          uniq_menkaure, uniq_robin
D:5:      layout_basic, nicolae_ossuary_entry_catacombs, first_ration,
          nicolae_gozag_zags_fifth_avenue
Temple:   compressed_dpeg_triangle_lava_temple
